 Dungeon Sprint DCSS version 0.29-a0-359-g541a27f54d (webtiles) character file.

Game seed: 10007401885098083000

3300000 Zeldest the Formicid Barricade (level 22, -1/212 HPs)
             Began as a Formicid Fighter on Apr 27, 2022.
             Was the Champion of Makhleb.
             Slain by a large bag of meat
             ... wielding a +9 giant spiked club
              (29 damage)
             ... in the Dungeon (Sprint VIII: "Arena of Blood").
             The game lasted 00:01:29 (33 turns).

Zeldest the Formicid Barricade (Formicid Fighter)     Turns: 33, Time: 00:01:29

Health: -1/212     AC: 13    Str: 25    XL:     22   Next: 61%
Magic:  18/39      EV: 17    Int:  7    God:    Makhleb [******]
Gold:   0          SH: 11    Dex: 18    Spells: 45/45 levels left

rFire   . . .      SeeInvis +   h - +∞ Axe of Woe
rCold   . . .      Faith    .   c - +0 buckler
rNeg    . . .      Spirit   .   b - +0 scale mail
rPois   .          Reflect  .   (helmet unavailable)
rElec   .          Harm     .   (no cloak)
rCorr   .          Rampage  .   (no gloves)
Will    ++...                   (no boots)
Stlth   ++++++++..              (no amulet)
HPRegen 0.45/turn               (no ring)
MPRegen 0.26/turn               (no ring)

@: no status effects
A: permanent stasis, dig shafts and tunnels, antennae 3, four strong arms
a: Dig, Renounce Religion, Minor Destruction, Lesser Servant of Makhleb, Major
Destruction, Greater Servant of Makhleb


You were in the Dungeon.
You worshipped Makhleb.
Makhleb was exalted by your worship.
You visited 1 branch

Inventory:

Hand Weapons
 a - a +0 war axe
 h - the +∞ Axe of Woe (weapon)
   (You found it in the Dungeon)
Armour
 b - a +0 scale mail (worn)
 c - a +0 buckler (worn)
Potions
 d - a potion of might
 e - a potion of curing
 f - a potion of heal wounds
 g - 2 potions of magic


   Skills:
 O Level 27 Fighting
 + Level 12.2(14.3) Short Blades
 + Level 12.2(14.3) Long Blades
 O Level 27 Axes
 + Level 12.3(22.3) Maces & Flails
 + Level 12.2(22.3) Polearms
 + Level 12.3(16.1) Staves
 + Level 13.3(15.5) Slings
 + Level 10.4 Bows
 + Level 12.2 Crossbows
 + Level 12.2(14.3) Throwing
 O Level 27 Armour
 + Level 11.2 Dodging
 O Level 27 Stealth
 O Level 27 Shields
 + Level 12.3 Unarmed Combat
 + Level 12.2 Spellcasting
 + Level 11.3 Conjurations
 + Level 14.4 Hexes
 + Level 12.2 Summonings
 + Level 12.2 Necromancy
 + Level 11.2 Translocations
 + Level 13.2 Transmutations
 + Level 12.2 Fire Magic
 + Level 12.2 Ice Magic
 + Level 10.4 Air Magic
 + Level 14.4 Earth Magic
 + Level 15.5 Poison Magic
 O Level 27 Invocations
 + Level 13.2 Evocations


You had 45 spell levels left.
You didn't know any spells.
Your spell library was empty.

Dungeon Overview and Level Annotations

Branches:
Dungeon (1/1)

Altars:
Makhleb

Annotations:
D The Servant


Innate Abilities, Weirdness & Mutations

You cannot be hasted, slowed, berserked, paralysed or teleported.
You can dig through walls and to a lower floor.
You have a pair of large antennae on your head. (SInv)
Your four strong arms can wield two-handed weapons with a shield.


Message History

A bag of meat comes into view. It is wielding a +9 war axe. x2
Your base Short Blades skill increases to level 12!
Your base Long Blades skill increases to level 12!
Your base Maces & Flails skill increases to level 12!
Your base Polearms skill increases to level 12!
Your base Staves skill increases to level 12!
Your base Slings skill increases to level 13!
Your Bows skill increases to level 10!
Your Crossbows skill increases to level 12!
Your base Throwing skill increases to level 12!
Your Dodging skill increases to level 11!
Your Unarmed Combat skill increases to level 12!
Your Spellcasting skill increases to level 12!
Your Conjurations skill increases to level 11!
Your Hexes skill increases to level 14!
Your Summonings skill increases to level 12!
Your Necromancy skill increases to level 12!
Your Translocations skill increases to level 11!
Your Transmutations skill gained 2 levels and is now at level 13!
Your Fire Magic skill increases to level 12!
Your Ice Magic skill increases to level 12!
Your Air Magic skill increases to level 10!
Your Earth Magic skill increases to level 14!
Your Poison Magic skill increases to level 15!
Your Evocations skill gained 2 levels and is now at level 13!
You have reached level 22!
The bag of meat attacks as you move away!
The bag of meat hits you with a +9 war axe!!
A meat berserker and 4 bags of meat come into view.
You are engulfed in blazing flames.
You hear a shout! x5
A meat berserker comes into view. It is wielding a +9 battleaxe.
You hear a shout!
A bag of meat comes into view. It is wielding a +9 war axe.
The bag of meat is engulfed in blazing flames.
The large bag of meat is engulfed in blazing flames.
The large bag of meat hits you with a +9 giant spiked club!!!
* * * LOW HITPOINT WARNING * * *
The large bag of meat hits you with a +9 giant spiked club!!
You die...

#... .#{{ o.....#....
#.... ..# o
.O#......###..D. ..###
o. .............###.....
OV.o...#........_O.....
.OO.#.......#.....#
###@{........#_.<._#
##....#§§..)..#.....#.
......§@#○.○)).)._......
.....oO§§))°.)..###.....
......oooO☼###.......###
...Ooo§§oo...#.......#{
...o..oz.....#.......# {
ooo.#o................
o..#.#.#..............
oo.o#.#.......o.......
.#.#.#o.....oo.....


You could see The Servant, a destroyer, a sculptor of flesh, a large bag of meat
(inner flame), 5 meat berserkers and 23 bags of meat.

Vanquished Creatures
  2 vampire knights (D)
  16 ogres (D)
  3 two-headed ogres (D)
  14 orcs (D)
35 creatures vanquished.

Notes
Turn   | Place    | Note
-------+----------+-------------------------------------------
     0 | D        | Found the +∞ Axe of Woe
     0 | D        | Zeldest the Formicid Fighter began the quest for the Orb.
     0 | D        | Reached XP level 1. HP: 18/18 MP: 1/1
     1 | D        | Noticed a meat berserker
     3 | D        | Became a worshipper of Makhleb the Destroyer
     4 | D        | Noticed a bag of meat
     6 | D        | Killed a meat berserker
     7 | D        | Reached skill level 15 in Axes
     7 | D        | Reached XP level 2. HP: 46/46 MP: 2/2
     7 | D        | Reached XP level 3. HP: 52/52 MP: 3/3
     7 | D        | Reached XP level 4. HP: 59/59 MP: 4/4
     7 | D        | Reached XP level 5. HP: 65/65 MP: 5/5
     7 | D        | Reached XP level 6. HP: 73/73 MP: 6/6
     7 | D        | Reached XP level 7. HP: 79/79 MP: 7/7
     7 | D        | Reached XP level 8. HP: 86/86 MP: 8/8
     7 | D        | Reached XP level 9. HP: 92/92 MP: 9/9
     7 | D        | Reached XP level 10. HP: 99/99 MP: 10/10
     7 | D        | Reached XP level 11. HP: 106/106 MP: 11/11
     7 | D        | Reached XP level 12. HP: 113/113 MP: 12/12
     7 | D        | Killed a bag of meat
     7 | D        | Reached * piety under Makhleb
     7 | D        | Noticed a bag of meat
     7 | D        | Noticed a bag of meat
     7 | D        | Noticed a bag of meat
     8 | D        | Reached XP level 13. HP: 122/122 MP: 13/13
     8 | D        | Noticed a bag of meat
     8 | D        | Noticed a bag of meat
     8 | D        | Noticed a meat berserker
     8 | D        | Noticed a meat berserker
     9 | D        | Noticed a meat berserker
    10 | D        | Noticed a meat berserker
    10 | D        | Noticed a bag of meat
    11 | D        | Killed a bag of meat
    11 | D        | Killed a meat berserker
    11 | D        | Noticed a bag of meat
    12 | D        | Reached XP level 14. HP: 138/138 MP: 14/14
    12 | D        | Killed a meat berserker
    12 | D        | Reached ** piety under Makhleb
    13 | D        | Reached XP level 15. HP: 140/147 MP: 15/15
    13 | D        | Killed a meat berserker
    13 | D        | Noticed a meat berserker
    15 | D        | Killed a meat berserker
    15 | D        | Reached *** piety under Makhleb
    16 | D        | Reached XP level 16. HP: 159/159 MP: 15/24
    16 | D        | Noticed a meat berserker
    16 | D        | Noticed a meat berserker
    17 | D        | Reached **** piety under Makhleb
    18 | D        | Reached skill level 27 in Shields
    18 | D        | Reached skill level 15 in Invocations
    18 | D        | Reached XP level 17. HP: 171/171 MP: 15/28
    18 | D        | Noticed a meat berserker
    18 | D        | Noticed a meat berserker
    18 | D        | Noticed a meat berserker
    19 | D        | Killed a meat berserker
    19 | D        | Noticed a meat berserker
    20 | D        | Reached skill level 27 in Fighting
    20 | D        | Reached skill level 27 in Armour
    20 | D        | Reached ***** piety under Makhleb
    21 | D        | Noticed a large bag of meat
    21 | D        | Killed a large bag of meat
    22 | D        | Reached XP level 18. HP: 88/182 MP: 16/32
    22 | D        | Noticed a destroyer
    22 | D        | Noticed a destroyer
    23 | D        | Killed a meat berserker
    23 | D        | Noticed a meat berserker
    24 | D        | Reached skill level 27 in Axes
    24 | D        | Killed a meat berserker
    24 | D        | Killed a meat berserker
    25 | D        | Reached skill level 27 in Stealth
    25 | D        | Reached skill level 27 in Invocations
    25 | D        | Reached XP level 19. HP: 176/189 MP: 16/36
    25 | D        | Killed a meat berserker
    25 | D        | Killed a meat berserker
    25 | D        | Noticed a large bag of meat
    25 | D        | Noticed a meat berserker
    26 | D        | Reached skill level 5 in Short Blades
    26 | D        | Reached skill level 5 in Long Blades
    26 | D        | Reached skill level 5 in Maces & Flails
    26 | D        | Reached skill level 5 in Polearms
    26 | D        | Reached skill level 5 in Staves
    26 | D        | Reached skill level 5 in Crossbows
    26 | D        | Reached skill level 5 in Throwing
    26 | D        | Reached skill level 5 in Dodging
    26 | D        | Reached skill level 5 in Unarmed Combat
    26 | D        | Reached skill level 5 in Spellcasting
    26 | D        | Reached skill level 5 in Conjurations
    26 | D        | Reached skill level 5 in Summonings
    26 | D        | Reached skill level 5 in Necromancy
    26 | D        | Reached skill level 5 in Translocations
    26 | D        | Reached skill level 5 in Fire Magic
    26 | D        | Reached skill level 5 in Ice Magic
    26 | D        | Noticed a meat berserker
    26 | D        | Noticed a large bag of meat
    26 | D        | Noticed a meat berserker
    26 | D        | Noticed a large bag of meat
    27 | D        | Killed a meat berserker
    28 | D        | Reached skill level 5 in Bows
    28 | D        | Reached skill level 5 in Air Magic
    28 | D        | Reached XP level 20. HP: 197/197 MP: 17/37
    28 | D        | Killed a destroyer
    28 | D        | Reached ****** piety under Makhleb
    28 | D        | Noticed a meat berserker
    29 | D        | Reached skill level 10 in Poison Magic
    29 | D        | Noticed an eight-headed meat hydra
    29 | D        | Noticed The Servant
    29 | D        | Noticed a destroyer
    29 | D        | Noticed a meat berserker
    29 | D        | Noticed a meat berserker
    30 | D        | Killed a meat berserker
    30 | D        | Killed a meat berserker
    31 | D        | Reached skill level 10 in Slings
    31 | D        | Reached skill level 10 in Transmutations
    31 | D        | Reached skill level 10 in Evocations
    31 | D        | Reached XP level 21. HP: 204/204 MP: 18/38
    31 | D        | Killed a destroyer
    31 | D        | Killed a meat berserker
    31 | D        | Killed a meat berserker
    31 | D        | Noticed a meat berserker
    32 | D        | Reached skill level 10 in Dodging
    32 | D        | Reached skill level 10 in Conjurations
    32 | D        | Reached skill level 10 in Translocations
    32 | D        | Killed a large bag of meat
    32 | D        | Killed a large bag of meat
    33 | D        | Reached skill level 10 in Bows
    33 | D        | Reached skill level 10 in Air Magic
    33 | D        | Reached skill level 15 in Poison Magic
    33 | D        | Reached XP level 22. HP: 133/212 MP: 18/39
    33 | D        | Noticed a meat berserker
    33 | D        | Noticed a meat berserker
    33 | D        | Slain by a large bag of meat

Illustrated notes

Levels and vault maps discovered:
D:        meatsprint

Skill      XL: |  1  2  3  4  5  6  7  8  9 10 11 12 13 14 15 16 17 18 19 20 21 |
---------------+----------------------------------------------------------------+-----
Fighting       | 16 18 21 22 24 25 27 | 27.0
Axes           | 15 16 19 20 22 23 26 27 | 27.0
Armour         | 16 18 20 22 24 25 27 | 27.0
Shields        | 18 19 22 24 26 27 | 27.0
Stealth        | 12 17 23 27 | 27.0
Invocations    | 11 15 21 27 | 27.0
Short Blades   | 3 6 9 12 | 12.2
Long Blades    | 3 6 9 12 | 12.2
Maces & Flails | 3 6 9 12 | 12.3
Polearms       | 3 6 9 12 | 12.2
Staves         | 3 6 9 12 | 12.3
Slings         | 3 6 10 13 | 13.3
Bows           | 2 5 7 10 | 10.4
Crossbows      | 3 6 9 12 | 12.2
Throwing       | 3 6 9 12 | 12.2
Dodging        | 3 5 8 11 | 11.2
Unarmed Combat | 3 6 9 12 | 12.3
Spellcasting   | 3 6 9 12 | 12.2
Conjurations   | 3 5 8 11 | 11.3
Hexes          | 4 7 11 14 | 14.4
Summonings     | 3 6 9 12 | 12.2
Necromancy     | 3 6 9 12 | 12.2
Translocations | 2 5 8 11 | 11.2
Transmutations | 3 6 10 13 | 13.2
Fire Magic     | 3 6 9 12 | 12.2
Ice Magic      | 3 6 9 12 | 12.2
Air Magic      | 2 5 7 10 | 10.4
Earth Magic    | 3 7 11 14 | 14.4
Poison Magic   | 4 8 12 15 | 15.5
Evocations     | 3 6 10 13 | 13.2

Action                   |  1- 3 |  4- 6 |  7- 9 | 10-12 | 13-15 | 16-18 | 19-21 | 22-24 || total
-------------------------+-------+-------+-------+-------+-------+-------+-------+-------++-------
Melee: Executioner's axe |     1 |       |       |     1 |     4 |     7 |     6 |       ||    19
Block: Buckler           |       |       |       |       |       |       |     1 |       ||     1

Table legend: (Time is in decaauts)
 A = Elapsed time spent in this place.
 B = Non-inter-level travel time spent in this place.
 C = Inter-level travel time spent in this place.
 D = Time resting spent in this place.
 E = Time spent auto-exploring this place.
 F = Levels seen in this place.
 G = Mean time per level.
                   A        B        C        D        E       F      G
               +--------+--------+--------+--------+--------+-----+--------+
         Total |     29 |     29 |      0 |      0 |      0 |   1 |   29.0 |
       Dungeon |     29 |     29 |      0 |      0 |      0 |   1 |   29.0 |
               +--------+--------+--------+--------+--------+-----+--------+

Top non-repeatable levels by time:
       D: 29 daAuts
